Map: [ESL] Tropical Sacrifice

Players

RagnaroK (SHIN)

  • Race: Zerg Zerg
  • Spawn Location: 1:00

ShoWTimE - Winner!

  • Race: Protoss Protoss
  • Spawn Location: 7:00

VOD

Have the link to the VOD?

Description

Time

  • Played on: Nov. 4, 2022, 8:24 a.m.
  • Length: 10:37
Show
View Real Time Build Order
Export as new Build Order

RagnaroK Zerg 

Build Orders: Hatch First 

Get SALT Encoding   

  12  0:00  Drone  
  13  0:12  Overlord  
  13  0:17  Drone  
  14  0:31  Drone  
  15  0:45  Hatchery  
  15  0:50  Drone  
  15  0:53  Drone  
  16  0:57  Drone  
  16  1:01  Drone  
  18  1:12  Extractor  
  18  1:18  Spawning Pool  
  16  1:21  Drone  
  17  1:25  Drone  
  18  1:33  Drone  
  19  1:44  Drone  
  20  1:55  Drone  
  21  2:04  Queen x2  
  21  2:05  Zergling x4  
  27  2:12  Overlord  
  27  2:17  Metabolic Boost  
  27  2:21  Drone  
  28  2:31  Drone  
  28  2:32  Drone x2  
  31  2:42  Zergling x2  
  32  2:46  Hatchery  
  31  2:52  Queen  
  31  2:56  Overlord  
  33  3:02  Zergling x4  
  33  3:04  Drone  
  36  3:16  Drone x6  
  36  3:19  Drone  
  43  3:22  Drone  
  43  3:25  Overlord  
  44  3:29  Overlord  
  44  3:33  Spore Crawler  
  43  3:34  Drone  
  43  3:40  Spore Crawler  
  43  3:41  Drone  
  44  3:45  Drone x3  
  47  3:48  Drone x2  
  47  3:50  Drone  
  47  3:54  Queen  
  51  3:59  Drone x2  
  51  4:02  Queen  
  53  4:07  Drone x3  
  58  4:10  Evolution Chamber  
  58  4:15  Drone, Overlord  
  58  4:17  Drone  
  58  4:18  Drone  
  58  4:20  Drone  
  60  4:24  Drone x3  
  60  4:34  Drone x4  
  60  4:36  Drone x2  
  60  4:37  Extractor  
  60  4:38  Zerg Melee Weapons Level 1  
  63  4:41  Drone, Extractor  
  63  4:42  Queen  
  63  4:45  Zergling x4  
  64  4:51  Zergling x6  
  68  4:53  Zergling x4  
  68  4:56  Extractor  
  68  4:57  Overlord  
  68  4:59  Overlord  
  69  5:06  Roach Warren  
  68  5:07  Drone x2  
  68  5:09  Lair  
  68  5:14  Drone x3  
  73  5:18  Queen  
  75  5:22  Drone x4  
  75  5:27  Pneumatized Carapace  
  78  5:35  Hatchery  
  78  5:36  Overlord  
  78  5:39  Zergling x6  
  78  5:41  Zergling x2  
  81  5:43  Zergling x2  
  81  5:45  Spore Crawler  
  81  5:46  Zergling x2  
  82  5:50  Overlord  
  82  5:52  Zergling x6  
  85  5:58  Overlord  
  85  6:00  Overlord  
  85  6:03  Roach x3  
  91  6:07  Roach  
  91  6:08  Roach x2  
  91  6:10  Roach  
  99  6:17  Roach x2  
  101  6:28  Zergling x16  
  109  6:38  Drone  
  109  6:39  Drone x6  
  116  6:42  Spire  
  116  6:45  Extractor  
  116  6:46  Extractor  
  113  6:48  Drone x3  
  113  6:50  Drone  
  115  6:56  Glial Reconstitution, Drone x3  
  111  7:01  Drone x3  
  111  7:02  Drone x2  
  111  7:07  Drone x2  
  118  7:11  Zergling x8  
  118  7:14  Overlord  
  122  7:16  Extractor  
  122  7:17  Drone x2, Extractor  
  122  7:20  Overlord  
  122  7:26  Overlord x2  
  122  7:27  Overlord x2  
  122  7:28  Overlord  
  122  7:47  Drone x2  
  121  7:55  Mutalisk x13  
  147  8:00  Drone x5  
  147  8:05  Drone x3  
  155  8:12  Zerg Flyer Weapons Level 1  
  154  8:16  Mutalisk x3  
  154  8:17  Hatchery  
  154  8:19  Overlord  
  159  8:25  Overlord  
  157  8:30  Baneling Nest, Drone x7  
  163  8:36  Overlord  
  163  8:37  Overlord  
  163  8:39  Mutalisk  
  163  8:41  Mutalisk x2  
  165  8:44  Overlord  
  165  8:48  Drone x4  
  168  8:53  Mutalisk x2  
  169  8:56  Mutalisk x2  
  169  9:02  Mutalisk  
  171  9:03  Zergling x2  
  171  9:04  Zergling x8  
  176  9:10  Mutalisk x2  
  176  9:15  Zergling x2  
  176  9:16  Zergling x14  
  188  9:18  Baneling x4  
  188  9:19  Baneling  
  188  9:20  Baneling x3  
  188  9:21  Baneling x2  
  188  9:25  Zergling x8  
  185  9:34  Zergling x14  
  185  9:35  Zergling x4  
  172  9:41  Extractor  
  172  9:42  Extractor  
  172  9:43  Mutalisk x4  
  145  9:46  Mutalisk  
  145  9:51  Zergling x4  
  145  9:52  Zergling x4, Roach x2  
  123  9:53  Roach x2  
  123  9:55  Roach  
  123  9:56  Zergling x4  
  123  9:57  Zergling x4  
  121  10:00  Roach  
  121  10:01  Roach  
  121  10:03  Roach x2  
  121  10:05  Roach  
  118  10:08  Roach  
  118  10:09  Roach  
  118  10:11  Roach  
  118  10:12  Roach  
  118  10:13  Zergling x2  
  111  10:15  Zergling x2  
  111  10:17  Zergling x4  
  111  10:18  Zergling x2  
  111  10:20  Zergling x2  
Show
View Real Time Build Order
Export as new Build Order

ShoWTimE Protoss - Winner!

Build Orders: 1 Gate Expand, Oracle Opening, Zealot Archon 

Get SALT Encoding   

  12  0:00  Probe  
  13  0:12  Probe  
  14  0:19  Pylon  
  14  0:24  Probe  
  15  0:37  Probe (Chrono Boost)  
  15  0:40  Gateway  
  16  0:46  Probe (Chrono Boost)  
  17  0:50  Assimilator  
  17  0:51  Probe (Chrono Boost)  
  18  1:03  Probe  
  19  1:15  Probe  
  20  1:26  Nexus  
  20  1:36  Cybernetics Core  
  20  1:39  Probe  
  21  1:45  Assimilator  
  21  1:51  Probe  
  22  1:54  Pylon  
  22  2:03  Probe  
  23  2:10  Adept (Chrono Boost)  
  23  2:15  Probe  
  26  2:22  Stargate  
  26  2:27  Probe (Chrono Boost)  
  27  2:30  Adept (Chrono Boost)  
  27  2:35  Warp Gate  
  29  2:38  Probe (Chrono Boost)  
  31  2:45  Probe (Chrono Boost)  
  31  2:47  Probe (Chrono Boost)  
  32  2:52  Adept, Probe x2 (Chrono Boost)  
  36  3:03  Probe  
  36  3:04  Oracle (Chrono Boost), Probe  
  38  3:11  Pylon  
  41  3:15  Probe  
  41  3:16  Probe  
  43  3:24  Gateway  
  43  3:28  Probe  
  43  3:29  Probe  
  43  3:32  Oracle (Chrono Boost)  
  45  3:40  Probe, Pylon  
  45  3:41  Probe  
  50  3:52  Probe  
  50  3:53  Probe  
  52  4:00  Nexus  
  52  4:04  Probe  
  52  4:05  Probe  
  52  4:06  Oracle (Chrono Boost)  
  57  4:12  Pylon  
  57  4:16  Probe  
  58  4:17  Probe  
  58  4:20  Assimilator  
  59  4:27  Twilight Council, Forge  
  59  4:28  Probe  
  60  4:32  Probe  
  60  4:33  Adept  
  60  4:36  Adept  
  63  4:40  Probe  
  63  4:44  Probe  
  65  4:52  Probe  
  65  4:54  Protoss Ground Weapons Level 1, Assimilator  
  65  4:56  Probe, Pylon  
  67  5:04  Charge (Chrono Boost)  
  67  5:06  Gateway, Probe (Chrono Boost)  
  67  5:07  Gateway  
  68  5:09  Probe (Chrono Boost)  
  68  5:14  Probe (Chrono Boost)  
  70  5:20  Probe (Chrono Boost)  
  70  5:21  Sentry  
  74  5:22  Probe (Chrono Boost)  
  74  5:23  Probe (Chrono Boost)  
  74  5:25  Probe (Chrono Boost)  
  74  5:28  Probe (Chrono Boost)  
  76  5:29  Probe  
  76  5:30  Pylon  
  76  5:35  Robotics Facility, Probe  
  79  5:39  Shield Battery  
  79  5:40  Probe  
  79  5:41  Probe  
  81  5:45  Gateway  
  81  5:47  Probe  
  82  5:50  Gateway  
  82  5:52  Probe  
  82  5:53  Probe  
  84  5:58  Gateway  
  84  5:59  Probe  
  84  6:00  Gateway  
  84  6:03  Templar Archives  
  85  6:04  Probe  
  85  6:05  Gateway, Probe  
  87  6:11  Probe  
  87  6:12  Templar Archives  
  87  6:13  Zealot x2  
  87  6:16  Probe  
  87  6:17  Probe  
  94  6:20  Assimilator  
  94  6:23  Probe, Assimilator  
  94  6:24  Gateway, Pylon  
  95  6:27  Photon Cannon  
  95  6:32  Immortal (Chrono Boost)  
  97  6:35  Pylon  
  97  6:37  Pylon  
  99  6:40  Photon Cannon  
  99  6:43  Stalker x2  
  99  6:46  Photon Cannon  
  103  6:49  Sentry  
  103  6:52  Photon Cannon  
  103  6:54  Shield Battery, Zealot x2  
  105  6:59  Shield Battery  
  105  7:03  Shield Battery  
  105  7:05  High Templar x2  
  109  7:08  Shield Battery  
  109  7:09  Shield Battery, Protoss Ground Weapons Level 2 (Chrono Boost)  
  109  7:11  Pylon  
  109  7:14  Photon Cannon  
  109  7:16  Archon  
  109  7:23  Zealot x3  
  109  7:28  Phoenix, Warp Prism (Chrono Boost)  
  117  7:36  Pylon  
  119  7:41  Nexus  
  119  7:43  Stalker  
  121  7:45  Pylon  
  122  7:51  Probe  
  122  7:53  Phoenix (Chrono Boost)  
  122  7:57  Shield Battery  
  122  7:58  High Templar x2  
  128  7:59  Photon Cannon  
  128  8:01  Probe  
  128  8:02  Shield Battery, Archon  
  126  8:07  Photon Cannon  
  126  8:12  High Templar x2, Assimilator  
  128  8:13  Zealot x3  
  128  8:14  Phoenix (Chrono Boost)  
  128  8:15  Assimilator  
  128  8:17  Archon  
  128  8:19  Photon Cannon  
  138  8:21  Immortal (Chrono Boost)  
  138  8:22  Shield Battery, Probe  
  143  8:28  Probe  
  143  8:29  Probe  
  143  8:33  Pylon  
  145  8:35  High Templar, Pylon  
  145  8:38  High Templar  
  149  8:43  Archon  
  149  8:51  Phoenix (Chrono Boost), Probe x2  
  145  9:03  High Templar  
  145  9:05  Zealot  
  145  9:06  Zealot x6  
  159  9:15  Phoenix (Chrono Boost)  
  161  9:28  Stalker x9  
  161  9:31  Phoenix  
  129  9:53  Zealot  
  129  9:54  Zealot x8  
  129  9:56  Phoenix  
  137  10:15  Stalker x8  
Tags
 
Add a new tag
Caveats
  • Supply blocks, unpowered buildings, or Contaminate may cause inaccurate times.
  • Supply counts are checked every 10 seconds.